AoeStats
← Robyht

Black Forest

510490690Analyzed
2v2 RM · 21h ago on Oct 1, 2026· 47m 19s· 4 players
Game mode
Random Map
Map size
Medium (4 player)
Population
200
Speed
Normal
Resources
Standard
Victory
Conquest
Starting age
Dark Age
Ending age
Imperial Age
RankedLock teamsTeams togetherTeam positionsShared explorationLock speedFull tech treeHidden civsTurbo modeCheats
Victory
Defeat
🇮🇹 Romans · Italy
931
+15
🇮🇹 Bohemians · Italy
931
+15
🇦🇷 Koreans · Argentina
920
-15
🇨🇱 Khmer · Chile
914
-15
El_Gusano
0:26 Loom
11:23 Feudal Age
11:55 Double-Bit Axe
18:54 Castle Age
18:30 Gold Mining
18:33 Stone Mining
18:36 Horse Collar
21:43 Bow Saw
26:10 Heavy Plow
30:41 Imperial Age
28:51 Wheelbarrow
30:29 Hand Cart
32:14 Gold Shaft Mining
32:17 Stone Shaft Mining
31:05 Heavy Scorpion
33:07 Chemistry
33:20 Crop Rotation
32:46 Capped Ram
34:18 Double Crossbow
34:54 Town Watch
41:30 Caravan
44:59 Cavalier
Phina7x
1:33 Loom
12:58 Feudal Age
14:48 Fishing Lines
15:07 Double-Bit Axe
15:24 Horse Collar
21:41 Castle Age
21:27 Stone Mining
21:30 Gold Mining
23:15 Bow Saw
23:01 Fletching
23:19 Scale Barding Armor
25:52 Gillnets
28:04 Wheelbarrow
28:07 Gold Shaft Mining
29:16 Fortified Wall
29:20 Masonry
30:48 Ballistics
32:05 Eupseong
32:05 Town Watch
33:36 Bodkin Arrow
34:50 Squires
34:36 Arson
39:20 Imperial Age
37:10 Hand Cart
37:10 Treadmill Crane
38:31 Caravan
39:30 Forging
39:41 Chain Barding Armor
40:24 Elite War Wagon
41:33 Heavy Rocket Cart
Robyht
0:44 Loom
12:25 Feudal Age
13:45 Town Watch
17:58 Castle Age
16:11 Double-Bit Axe
16:25 Horse Collar
17:31 Gold Mining
17:31 Stone Mining
20:44 Bow Saw
24:35 Wheelbarrow
25:52 Heavy Plow
27:23 Scale Mail Armor
28:33 Town Patrol
29:52 Hand Cart
31:49 Fortified Wall
35:14 Imperial Age
32:15 Man-at-Arms
33:03 Pikeman
33:04 Long Swordsman
34:19 Ballistas
34:45 Squires
34:41 Fletching
35:31 Halberdier
36:08 Heavy Scorpion
40:28 Chemistry
39:48 Ballistics
40:02 Bodkin Arrow
40:23 Chain Mail Armor
40:18 Forging
41:52 Conscription
43:41 Iron Casting
43:22 Chain Mail Armor
45:28 Elite Centurion
DaffySpace6253
0:33 Loom
13:00 Feudal Age
17:15 Castle Age
15:44 Double-Bit Axe
15:51 Horse Collar
19:14 Bow Saw
19:43 Heavy Plow
20:29 Wheelbarrow
25:27 Hand Cart
28:39 Forging
28:19 Fletching
28:22 Town Watch
28:43 Caravan
32:13 Imperial Age
30:39 Ballistics
30:59 Town Patrol
32:34 Chemistry
32:13 Scale Mail Armor
31:36 Pikeman
33:08 Fortified Wall
33:01 Man-at-Arms
34:05 Houfnice
35:28 Conscription
37:39 Halberdier
40:43 Elite Hussite Wagon
Connection lost

Rejoining the realm…

Still unreachable

The connection could not be restored.

Session expired

The server has moved on; the page needs a fresh start.